 Dungeon Crawl Stone Soup version 0.26-a0-651-gb41185065b (webtiles) character file.

Game seed: 4909037818712936770

79 sahdkjhfkaj the Chopper (level 4, 0/40 HPs)
             Began as a Hill Orc Fighter on Sept 29, 2020.
             Killed from afar by an orc wizard (8 damage)
             ... with a magic dart
             ... on level 2 of the Dungeon.
             The game lasted 00:02:31 (1490 turns).

sahdkjhfkaj the Chopper (Hill Orc Fighter)          Turns: 1490, Time: 00:02:31

Health: 0/40       AC: 10    Str: 19    XL:     4   Next: 38%
Magic:  4/4        EV:  5    Int:  8    God:
Gold:   80         SH:  9    Dex: 10    Spells: 3/3 levels left

rFire    . . .     SeeInvis .   a - +0 war axe
rCold    . . .     Faith    +   c - +0 kite shield
rNeg     . . .     Spirit   .   j - +0 chain mail
rPois    .         Reflect  .   (no helmet)
rElec    .         Harm     .   l - +0 cloak
rCorr    .         Rampage  .   (no gloves)
MR       .....                  (no boots)
Stlth    ..........             g - amulet of faith
HPRegen  0.13/turn              (no ring)
MPRegen  0.09/turn              (no ring)

@: slowed, very slow
A: no striking features
a: no special abilities


You were on level 2 of the Dungeon.
You visited 1 branch of the dungeon, and saw 3 of its levels.

You collected 80 gold pieces.

Inventory:

Hand Weapons
 a - a +0 war axe (weapon)
Missiles
 o - 4 silver javelins (quivered)
Armour
 c - a +0 kite shield (worn)
 j - a +0 chain mail (worn)
 l - a +0 cloak (worn)
Jewellery
 g - an amulet of faith (around neck)
 i - a cursed ring of teleportation {unknown}
Scrolls
 b - a scroll of fear {unknown}
 f - a scroll of fog {unknown}
 h - a scroll of teleportation {unknown}
 m - a scroll of remove curse {unknown}
 n - a scroll of identify {unknown}
Potions
 d - 2 potions of might
 e - 4 potions of curing
 k - a potion of mutation {unknown}


   Skills:
 + Level 4.2 Fighting
 * Level 4.2 Axes
 + Level 3.8 Armour
 + Level 3.8 Shields


You had 3 spell levels left.
You didn't know any spells.
Your spell library contained the following spells:

 Spells                   Type           Power        Failure   Level
 Corona                   Hex            #......      100%        1
 Ensorcelled Hibernation  Hex/Ice        #.....       100%        2
 Confusing Touch          Hex            #.......     100%        3
 Dazzling Flash           Conj/Hex       #.....       100%        3
 Tukima's Dance           Hex            #.......     100%        3


Dungeon Overview and Level Annotations

Branches:
Dungeon (3/15)

Altars:


Message History

Your shield and chain mail prevent you from hitting the orc wizard.
The orc wizard is moderately wounded.
The orc wizard points at you and mumbles some strange words.
The magic dart hits you.
The orc wizard mumbles some strange words.
The orc wizard blinks!
Unknown command.
The orc wizard casts a spell at you. The magic dart hits you.
* * * LOW HITPOINT WARNING * * *
You see here a hobgoblin corpse.
Throwing (i - inventory)
o - 5 silver javelins (quivered)
Press: ? - help, Shift-Dir - straight line, f - orc wizard
Aim: an orc wizard, wielding a +0 dagger and wearing a +0 robe (moderately wounded)
You throw a silver javelin.
The silver javelin pierces through the orc wizard.
The orc wizard is almost dead.
The orc wizard points at you and mumbles some strange words.
The magic dart hits you!
You die...

######........###############
#........(.........#.........
#............................
#.........o...####.#.########
#.............# #.#.#.......
#######.....### #.#.#.######
#.....# #.#.........
#.....######.###.######
#....>@..........†.....
################.######
#......)....# #
#.#....###..#####
#.#..............
#.#.....#.......#
#.#.....#.###....
#.#####.#.#.....# #.#
#.#.#....<#


You could see an orc wizard.

Vanquished Creatures
  An adder (D:2)
  An ooze (D:1)
  2 worms (D:2)
  A leopard gecko (D:1)
  2 orcs (D:3)
  A giant cockroach (D:1)
  2 goblins
  11 hobgoblins
  6 jackals
  14 bats
  5 frilled lizards
  6 kobolds
  4 rats
56 creatures vanquished.

Notes
Turn   | Place    | Note
-------+----------+-------------------------------------------
     0 | D:1      | sahdkjhfkaj the Hill Orc Fighter began the quest for the
                  | Orb.
     0 | D:1      | Reached XP level 1. HP: 19/19 MP: 1/1
   211 | D:1      | Reached XP level 2. HP: 27/27 MP: 2/2
   427 | D:1      | Reached XP level 3. HP: 32/33 MP: 3/3
   893 | D:2      | Reached XP level 4. HP: 30/40 MP: 4/4
  1490 | D:2      | Killed from afar by an orc wizard

Illustrated notes

Levels and vault maps discovered:
D:1:      heliophobic_arrival_battle_scene, layout_basic, wad_floor_pattern_2
D:2:      layout_basic, grunt_ministairs_15
D:3:      minmay_door_path, layout_basic, feat_on_display

Skill      XL: |  1  2  3 |
---------------+----------+-----
Axes           | 3 4 |  4.2
Fighting       | 4 |  4.2
Armour         | |  3.8
Shields        | |  3.8

Action                   |  1- 3 |  4- 6 || total
-------------------------+-------+-------++-------
Melee: War axe           |   108 |    64 ||   172
Throw: Javelin           |       |     1 ||     1
  Use: Potion            |     1 |       ||     1
Armor: Scale mail        |    53 |     8 ||    61
       Chain mail        |       |    33 ||    33
Dodge: Dodged            |    50 |    14 ||    64
Block: Kite shield       |    71 |    38 ||   109

Table legend: (Time is in decaauts)
 A = Elapsed time spent in this place.
 B = Non-inter-level travel time spent in this place.
 C = Inter-level travel time spent in this place.
 D = Time resting spent in this place.
 E = Time spent auto-exploring this place.
 F = Levels seen in this place.
 G = Mean time per level.
                   A        B        C        D        E       F      G
               +--------+--------+--------+--------+--------+-----+--------+
         Total |   1566 |   1513 |     53 |      0 |   1080 |   3 |  522.0 |
       Dungeon |   1566 |   1513 |     53 |      0 |   1080 |   3 |  522.0 |
               +--------+--------+--------+--------+--------+-----+--------+

Top non-repeatable levels by time:
     D:2: 792 daAuts
     D:1: 753 daAuts
     D:3: 20 daAuts
